 Dungeon Crawl Stone Soup version 0.16-a0-2093-g8c923f7 (webtiles) character file.

5206 PolkaDot the Summoner (level 10, -1/72 HPs)
             Began as a Vampire Summoner on Nov 12, 2014.
             Was a Believer of Dithmenos.
             Slain by Gastronok (26 damage)
             ... on level 11 of the Dungeon.
             The game lasted 00:53:14 (11220 turns).

PolkaDot the Summoner (Vampire Summoner)           Turns: 11220, Time: 00:53:14

Health: -1/72      AC:  9    Str: 15    XL:     10   Next: 35%
Magic:  5/18       EV: 12    Int: 20    God:    Dithmenos [**....]
Gold:   475        SH:  0    Dex: 14    Spells: 3 memorised, 4 levels left

rFire  + . .     SeeInvis +     x - +2 quarterstaff
rCold  + . .     Clarity  .     A - +2 robe {rC+ rF+}
rNeg   . . .     SustAb   .     (no shield)
rPois  .         Gourm    .     z - +2 hat
rElec  .         Spirit   .     e - +2 cloak
rCorr  .         Warding  .     (no gloves)
rMut   .         Stasis   .     (no boots)
MR     +....                    (no amulet)
Stlth  +++.......               p - +3 ring of strength
                                t - ring of wizardry

@: mighty, very slightly contaminated, regenerating very quickly, hasted,
wreathed by umbra, very quick, somewhat resistant to hostile enchantments,
fairly stealthy
A: bottle blood, fangs 3, see invisible, unbreathing
a: Bottle Blood, Shadow Step, Renounce Religion


You were on level 11 of the Dungeon.
You worshipped Dithmenos.
Dithmenos was pleased with you.
You were almost alive.

You visited 2 branches of the dungeon, and saw 12 of its levels.

You collected 493 gold pieces.
You spent 18 gold pieces at shops.

Inventory:

Hand weapons
 x - a +2 quarterstaff (weapon)
Armour
 e - a +2 cloak (worn)
 l - a +2 robe of magic resistance
 z - a +2 hat (worn)
 A - a +2 robe of resistance (worn)
Jewellery
 p - a +3 ring of strength (right hand)
 t - a ring of wizardry (left hand)
 y - an uncursed ring of flight
Magical devices
 f - a wand of paralysis (7)
 h - a wand of slowing (25)
 j - a wand of polymorph (12)
 o - a wand of lightning (7)
 w - a wand of confusion (27)
Scrolls
 a - a scroll of fear
 c - a scroll of amnesia
 g - 2 scrolls of teleportation
 k - a scroll of recharging
 m - a scroll of noise {unknown}
 n - 4 scrolls of remove curse
 r - a scroll of fog
 s - a scroll of holy word
 u - a scroll of silence
 C - a scroll of immolation
Potions
 d - 3 potions of restore abilities
 q - 9 potions of blood {@*1}
Books
 b - a book of Callings

   Spells                             Type                      Level
   Summon Small Mammal                Summoning                    1
   Call Imp                           Summoning                    2
   *Call Canine Familiar              Summoning                    3
   *Summon Guardian Golem             Hexes/Summoning              4
   Summon Lightning Spire             Summoning/Air                4
   *Summon Ice Beast                  Ice/Summoning                4


   Skills:
 - Level 4.2 Fighting
 * Level 7.0 Staves
 - Level 2.1 Dodging
 - Level 3.0 Stealth
 + Level 3.0 Spellcasting
 + Level 4.9 Hexes
 - Level 10.2 Summonings
 - Level 5.6 Ice Magic


You had 4 spell levels left.
You knew the following spells:

 Your Spells              Type           Power        Failure   Level  Hunger
d - Call Canine Familiar  Summ           #####...     1%          3    ###....
g - Summon Guardian Gole  Hex/Summ       ####....     4%          4    ####...
i - Summon Ice Beast      Ice/Summ       ####....     3%          4    ####...


Dungeon Overview and Level Annotations

Branches:
Dungeon (11/15)            Temple (1/1) D:7            Lair (0/8) D:11
    Orc (0/4) D:9

Altars:
Ashenzari
Cheibriados
Dithmenos
Elyvilon
Fedhas
Gozag
Kikubaaqudgha
Makhleb
Okawaru
Qazlal
Ru
Sif Muna
Trog
Vehumet
Xom
Yredelemnul
Zin
The Shining One

Shops:
D:4 *[[   D:5 (   D:6 *

Annotations:
D:4 Natasha
D:10 exclusion: 2 doors
D:11 Gastronok, Maurice, Nessos


Innate Abilities, Weirdness & Mutations

Your natural rate of healing is extremely fast.
You can bottle blood from corpses.
You have razor-sharp teeth.
You have supernaturally acute eyesight.
You can survive without breathing.


Message History

Your ice beast freezes Gastronok!
Your hound bites Gastronok.
Gastronok looks at you and mumbles some strange words.
Your hound seems to slow down.
Your ice beast hits Gastronok but does no damage.
Your hound bites Gastronok.
Drink which item? (? for menu, Esc to quit)
You feel yourself speed up.
Your ice beast hits Gastronok but does no damage.
Your hound bites Gastronok.
Gastronok waves his eye-stalks in wide circles.
The air twists around and strikes you!
* * * LOW HITPOINT WARNING * * *
You are very lightly contaminated with residual magic.
Drink which item? (? for menu, Esc to quit)
Yummy - fresh blood!
Your ice beast hits Gastronok.
Your ice beast freezes Gastronok!
Your hound bites Gastronok.
Your ice beast hits Gastronok but does no damage.
Your hound bites Gastronok.
Gastronok bites you!!
You die...

.w.# ..# #...
#.# #./. #.#
#... #.# #...##
##.# #...[# #..#
#....### ##YY##
#......###wh..#
#......รท.@.Y.##
#...##########
#...# ..... ...#
##


You could see Gastronok, 3 friendly ice beasts and a friendly hound.

Vanquished Creatures
  A two-headed ogre (D:5)
  3 ice beasts
  A necrophage (D:8)
  An ogre (D:8)
  A crocodile (D:10)
  3 centaurs
  A big kobold (D:8)
  8 giant frogs
  3 scorpions
  A hippogriff zombie (D:9)
  A goliath beetle (D:8)
  3 crimson imps
  2 hounds
  2 jellies
  2 giant frog skeletons
  A centaur zombie (D:5)
  2 orc priests
  A black bear skeleton (D:10)
  2 worker ants
  2 iguanas
  4 orc wizards
  5 adders
  2 giant mites (D:5)
  An orc skeleton (D:10)
  A shadow imp (D:9)
  An adder zombie (D:9)
  5 giant geckos
  16 orcs
  2 ball pythons
  10 bats
  3 giant cockroaches
  12 hobgoblins
  15 jackals
  2 quokkas
  6 giant newts
  15 goblins
  15 kobolds
  13 rats
169 creatures vanquished.

Vanquished Creatures (collateral kills)
  A hill giant (D:10)
  2 ugly things
  Joseph (D:9)
  2 trolls
  4 slime creatures (D:10)
  A wyvern (D:8)
  Edmund (D:6)
  Menkaure (D:4)
  A water moccasin (D:6)
  2 orc warriors
  2 sky beasts
  2 phantoms (D:5)
  A centaur (D:7)
  2 ogres (D:7)
  A big kobold (D:4)
  Duvessa (D:5)
  A gnoll sergeant (D:6)
  Blork the orc (D:7)
  Dowan (D:5)
  2 goliath beetles
  A hound (D:7)
  An orc wizard (D:7)
  Crazy Yiuf (D:5)
  6 orc priests
  A jelly (D:5)
  2 iguanas
  Natasha (D:4)
  2 worker ants (D:4)
  A green rat (D:11)
  6 adders
  An orc zombie (D:5)
  A scorpion zombie (D:5)
  A giant gecko (D:7)
  22 orcs
  A kobold (D:7)
  3 giant cockroaches
  A giant newt skeleton (D:4)
  A goblin (D:3)
  A hobgoblin skeleton (D:7)
  A hobgoblin zombie (D:5)
  2 jackals (D:7)
  A kobold skeleton (D:4)
  3 rats
  5 fungi (D:5)
96 creatures vanquished.

Vanquished Creatures (others)
  An unseen horror (D:11)
  2 wolves
  9 ice beasts
  8 hounds
  2 white imps (D:5)
  A shadow imp (D:6)
  A hobgoblin (D:1)
  A rat (D:5)
25 creatures vanquished.

Grand Total: 290 creatures vanquished

Notes
Turn   | Place    | Note
--------------------------------------------------------------
     0 | D:1      | PolkaDot, the Vampire Summoner, began the quest for the Orb.
     0 | D:1      | Reached XP level 1. HP: 13/13 MP: 3/3
   262 | D:1      | Reached skill level 1 in Fighting
   458 | D:1      | Reached XP level 2. HP: 21/21 MP: 4/4
   823 | D:1      | Learned a level 2 spell: Call Imp
  1063 | D:2      | Reached XP level 3. HP: 23/26 MP: 6/6
  1159 | D:2      | Learned a level 3 spell: Call Canine Familiar
  1596 | D:2      | Reached skill level 5 in Summonings
  1768 | D:3      | Reached XP level 4. HP: 15/33 MP: 7/7
  2695 | D:4      | Found a glowing golden altar of the Shining One.
  2698 | D:4      | Found Vumnoves' Antique Armour Emporium.
  2708 | D:4      | Bought an embroidered robe for 18 gold pieces
  2754 | D:4      | Reached XP level 5. HP: 38/38 MP: 1/9
  2896 | D:4      | Noticed Natasha
  2914 | D:4      | Killed Natasha
  2971 | D:4      | Reached skill level 6 in Summonings
  3125 | D:4      | Noticed Menkaure
  3127 | D:4      | Noticed a big kobold
  3139 | D:4      | Killed Menkaure
  3398 | D:4      | Found Ghiycwa's Armour Boutique.
  3439 | D:4      | Reached XP level 6. HP: 38/46 MP: 10/10
  3608 | D:4      | Killed a big kobold
  3712 | D:4      | Noticed Natasha
  3854 | D:4      | Found Puymoawn's Assorted Antiques.
  3903 | D:5      | Entered Level 5 of the Dungeon
  4005 | D:5      | Found a white marble altar of Elyvilon.
  4024 | D:5      | Noticed a two-headed ogre
  4024 | D:5      | an ice beast changed into a two-headed ogre
  4028 | D:5      | Killed a two-headed ogre
  4028 | D:5      | Reached skill level 7 in Summonings
  4176 | D:5      | Reached XP level 7. HP: 48/52 MP: 12/12
  4381 | D:5      | Noticed a troll
  4394 | D:5      | Killed a troll
  4394 | D:5      | Reached skill level 8 in Summonings
  4721 | D:5      | Noticed Duvessa
  4723 | D:5      | Noticed Dowan
  4747 | D:5      | Killed Duvessa
  4750 | D:5      | Killed Dowan
  4797 | D:5      | Found Kluamoav's Weapon Shop.
  4960 | D:5      | Learned a level 4 spell: Summon Ice Beast
  5108 | D:5      | Noticed Crazy Yiuf
  5123 | D:5      | Killed Crazy Yiuf
  5245 | D:6      | Found a shattered altar of Ashenzari.
  5560 | D:6      | Reached skill level 1 in Ice Magic
  5560 | D:6      | Reached XP level 8. HP: 48/60 MP: 3/13
  5595 | D:6      | Found a shimmering altar of Xom.
  5615 | D:6      | Reached skill level 9 in Summonings
  5705 | D:6      | Noticed Edmund
  5722 | D:6      | Killed Edmund
  6156 | D:6      | Found Schuor's Assorted Antiques.
  6312 | D:7      | Found a shadowy altar of Dithmenos.
  6409 | D:7      | Reached skill level 1 in Staves
  6512 | D:7      | Found a staircase to the Ecumenical Temple.
  6565 | Temple   | Entered the Ecumenical Temple
  6838 | Temple   | Became a worshipper of Dithmenos the Shadowed
  7311 | D:7      | Noticed Blork the orc
  7319 | D:7      | Killed Blork the orc
  7319 | D:7      | Reached skill level 10 in Summonings
  7737 | D:8      | Found a sacrificial altar of Ru.
  7745 | D:8      | Found an ancient bone altar of Kikubaaqudgha.
  7746 | D:8      | Found a bloodstained altar of Trog.
  7969 | D:8      | Found a shattered altar of Ashenzari.
  7995 | D:8      | Reached XP level 9. HP: 7/65 MP: 9/14
  8104 | D:8      | Learned a level 4 spell: Summon Guardian Golem
  9001 | D:9      | Reached skill level 5 in Ice Magic
  9187 | D:9      | Found a radiant altar of Vehumet.
  9557 | D:9      | Noticed Joseph
  9574 | D:9      | Killed Joseph
  9574 | D:9      | Reached skill level 5 in Staves
  9578 | D:9      | Found a staircase to the Orcish Mines.
  9826 | D:10     | Entered Level 10 of the Dungeon
  9869 | D:10     | Noticed a hill giant
  9877 | D:10     | Killed a hill giant
 10220 | D:10     | Reached XP level 10. HP: 62/72 MP: 3/16
 10420 | D:10     | Acquired Dithmenos' first power
 10430 | D:10     | Noticed a green ugly thing
 10446 | D:10     | Killed a green ugly thing
 10794 | D:11     | Noticed a white ugly thing
 10807 | D:11     | Killed a white ugly thing
 10993 | D:11     | Found a staircase to the Lair.
 11004 | D:11     | Noticed Nessos
 11004 | D:11     | Noticed an unseen horror
 11007 | D:11     | Killed an unseen horror
 11012 | D:11     | Noticed Gastronok
 11024 | D:11     | HP: 3/72 [poisoned by Nessos]
 11030 | D:11     | HP: 1/72 [poisoned by Nessos]
 11035 | D:11     | HP: 2/72 [poisoned by Nessos]
 11039 | D:11     | Noticed Maurice
 11042 | D:11     | HP: 2/72 [poisoned by Nessos]
 11220 | D:11     | Slain by Gastronok

Action                   |  1- 3 |  4- 6 |  7- 9 | 10-12 || total
-------------------------+-------+-------+-------+-------++-------
Melee: Unarmed           |    25 |       |       |       ||    25
       Spear             |   158 |   176 |   294 |       ||   628
       Club              |     8 |       |       |       ||     8
       Quarterstaff      |       |       |   380 |   110 ||   490
 Cast: Summon Small Mamm |     2 |     3 |    10 |       ||    15
       Call Imp          |     7 |    14 |    22 |       ||    43
       Call Canine Famil |       |    10 |    20 |     4 ||    34
       Summon Ice Beast  |       |       |    45 |    11 ||    56
 Abil: Bottle Blood      |       |       |    31 |    11 ||    42
Evoke: Wand              |       |     5 |     3 |       ||     8
  Use: Potion            |     1 |     3 |    34 |    12 ||    50
       Scroll            |       |    10 |    18 |     6 ||    34
 Stab: Sleeping          |     7 |     5 |     8 |     1 ||    21
       Distracted        |     1 |       |     2 |       ||     3
  Eat: Corpse            |    17 |    12 |    18 |       ||    47
